 Dungeon Crawl Stone Soup version 0.28-a0-722-gc0678643b6 (webtiles) character file.

Game seed: 9891179981773975437

268 Lekart the Skirmisher (level 6, -4/53 HPs)
             Began as a Draconian Abyssal Knight on Oct 24, 2021.
             Was a Believer of Lugonu.
             Splashed by a jelly's acid (8 damage)
             ... on level 4 of the Dungeon.
             The game lasted 00:02:59 (4142 turns).

Lekart the Skirmisher (Draconian Abyssal Knight)    Turns: 4142, Time: 00:03:00

Health: -4/53      AC: -6    Str: 16    XL:     6   Next: 0%
Magic:  8/8        EV: 13    Int: 16    God:    Lugonu [**....]
Gold:   120        SH:  0    Dex: 13    Spells: 5/5 levels left

rFire   . . .      SeeInvis +   a - +1 hand axe
rCold   . . .      Faith    .   (no shield)
rNeg    . . .      Spirit   .   (armour unavailable)
rPois   .          Reflect  .   (helmet restricted)
rElec   .          Harm     .   (no cloak)
rCorr   .          Rampage  .   (no gloves)
Will    .....                   (no boots)
Stlth   +.........              (no amulet)
HPRegen 0.17/turn               d - ring of see invisible
MPRegen 0.11/turn               m - +6 ring of intelligence

@: corroded
A: AC +6, unfitting armour, cold-blooded
a: Renounce Religion, Depart the Abyss, Bend Space


You were on level 4 of the Dungeon.
You worshipped Lugonu.
Lugonu was pleased with you.
You visited 1 branch of the dungeon, and saw 4 of its levels.
You visited the Abyss 1 time.

You collected 120 gold pieces.

Inventory:

Hand Weapons
 a - a +1 hand axe (weapon)
Jewellery
 d - a ring of see invisible (left hand)
 m - a +6 ring of intelligence (right hand)
Wands
 b - a wand of paralysis (3)
 n - a wand of polymorph (9)
Scrolls
 c - 2 scrolls of magic mapping {unknown}
 e - a scroll of enchant armour {unknown}
 f - 3 scrolls of teleportation {unknown}
 g - 5 scrolls of identify {unknown}
 h - a scroll of fear {unknown}
 j - a scroll of enchant weapon {unknown}
 q - a scroll of fog {unknown}
Potions
 i - a potion of experience {unknown}
 k - a potion of heal wounds
 l - a potion of lignification {unknown}
 o - a potion of might {unknown}
 p - a potion of curing {unknown}


   Skills:
 + Level 4.3 Fighting
 + Level 4.2 Axes
 + Level 3.3 Dodging
 * Level 3.3 Invocations
 + Level 0.2 Evocations


You had 5 spell levels left.
You didn't know any spells.
Your spell library contained the following spells:

 Spells                   Type           Power      Damage    Failure   Level
 Dazzling Flash           Conj/Hex       0%         N/A       58%         3
 Ozocubu's Armour         Ice            0%         N/A       58%         3
 Iskenderun's Mystic Bla  Conj/Tloc      0%         2d3       94%         4
 Starburst                Conj/Fire      0%         6d3       100%        6
 Ozocubu's Refrigeration  Ice            0%         4d5       100%        7


Dungeon Overview and Level Annotations

Branches:
Dungeon (4/15)
 Temple: D:4-7

Altars:


Innate Abilities, Weirdness & Mutations

Your plain brown scales are hard. (AC +6)
You cannot fit into any form of body armour.
You are cold-blooded and may be slowed by cold attacks.


Message History

The hound moves out of view.
No target in view!
A jelly comes into view.
Found an escape hatch in the ceiling.
The jelly quivers.
There are monsters nearby!
The hound barely misses you. The hound bites you.
There are monsters nearby!
You miss the hound.
Your tail-slap misses the hound.
The hound barely misses you.
There are monsters nearby!
You hit the hound.
The hound is moderately wounded.
The hound closely misses you. The hound bites you but does no damage.
You hit the hound.
The hound is heavily wounded.
You hit the jelly. The acid corrodes you!
Your hands burn!
The jelly hits you. The acid corrodes you!
You are splashed with acid.
The hound misses you.
You hit the hound but do no damage.
The hound is heavily wounded.
You hit the jelly but do no damage.
Your hands burn!
The hound barely misses you. The jelly hits you.
You are splashed with acid.
The hound barely misses you. The jelly hits you.
You are splashed with acid!
You are too injured to fight recklessly!
You are too injured to fight recklessly!
You are too injured to fight recklessly!
You hit the jelly but do no damage.
Your hands burn!
The jelly is moderately wounded.
You hit the hound.
The hound bites you. x2; The jelly hits you.
* * * LOW HITPOINT WARNING * * *
The acid corrodes you!
You are splashed with acid!
* * * LOW HITPOINT WARNING * * *
You hit the jelly.
Your hands burn!
* * * LOW HITPOINT WARNING * * *
You tail-slap the jelly, but do no damage.
The jelly is moderately wounded.
You miss the hound. The hound closely misses you. The jelly hits you.
* * * LOW HITPOINT WARNING * * *
You are splashed with acid!
You die...

.. ..#...... ...
.......#
....#......# ..
..#......# ...
........# ....
#.....###..
#hJ.##... #.@..#.#
.#.#......#
...........#
..<..###...#
.....# #...# .....
##†.## ...( ##..##
##....#....# ####
#.........####...#


You could see a hound and a jelly.

Vanquished Creatures
  A black bear (D:4)
  Purgy (D:3)
  3 adders
  A worm (D:2)
  4 bats
  8 endoplasms
  3 giant cockroaches (D:1)
  11 goblins
  3 hobgoblins
  4 quokkas
  2 ball pythons (D:1)
  A frilled lizard (D:3)
  5 kobolds
  4 rats
51 creatures vanquished.

Notes
Turn   | Place    | Note
-------+----------+-------------------------------------------
     0 | Abyss:1  | Lekart the Draconian Abyssal Knight began the quest for the
                  | Orb.
     0 | Abyss:1  | Reached XP level 1. HP: 19/19 MP: 2/2
    34 | Abyss:1  | Found a corrupted altar of Lugonu.
    88 | Abyss:2  | Found a corrupted altar of Lugonu.
   116 | D:1      | Escaped the Abyss
   386 | D:1      | Reached XP level 2. HP: 26/26 MP: 3/3
  1345 | D:2      | Found a faded altar of an unknown god.
  1436 | D:2      | Reached ** piety under Lugonu
  1437 | D:2      | Reached XP level 3. HP: 33/33 MP: 4/4
  1513 | D:2      | Noticed a necrophage
  2537 | D:3      | Reached XP level 4. HP: 35/40 MP: 5/5
  3243 | D:3      | Noticed Purgy
  3266 | D:3      | Killed Purgy
  3267 | D:3      | Reached XP level 5. HP: 25/46 MP: 4/7
  3953 | D:4      | Noticed a black bear
  3970 | D:4      | Killed a black bear
  3971 | D:4      | Reached XP level 6. HP: 25/53 MP: 8/8
  4142 | D:4      | Splashed by a jelly's acid

Illustrated notes

Levels and vault maps discovered:
D:1:      dpeg_arrival_stonehenge_8_columns, layout_loops_corners
D:2:      layout_loops_cross, hellmonk_ecumenical_altar_blasted,
          lightli_corner_chamber
D:3:      layout_basic, uniq_purgy
D:4:      layout_cave_pools, gammafunk_ghost_cemetery

Skill      XL: |  1  2  3  4  5 |
---------------+----------------+-----
Fighting       | 4 |  4.3
Axes           | 3 4 |  4.2
Dodging        | 3 |  3.3
Invocations    | 3 |  3.3
Evocations     | |  0.2

Action                   |  1- 3 |  4- 6 || total
-------------------------+-------+-------++-------
Melee: Hand axe          |   103 |    75 ||   178
       Tailslap          |    10 |     9 ||    19
Invok: Bend Space        |       |     3 ||     3
Evoke: Wand              |       |     6 ||     6
  Use: Potion            |     1 |       ||     1
 Stab: Sleeping          |     5 |       ||     5
       Paralysed         |       |    12 ||    12
Armor: Skin              |    25 |    31 ||    56
Dodge: Dodged            |    60 |    62 ||   122

Table legend: (Time is in decaauts)
 A = Elapsed time spent in this place.
 B = Non-inter-level travel time spent in this place.
 C = Inter-level travel time spent in this place.
 D = Time resting spent in this place.
 E = Time spent auto-exploring this place.
 F = Levels seen in this place.
 G = Mean time per level.
                   A        B        C        D        E       F      G
               +--------+--------+--------+--------+--------+-----+--------+
         Total |   4175 |   4071 |    104 |    442 |   3130 |   6 |  695.8 |
       Dungeon |   4059 |   3955 |    104 |    442 |   3053 |   4 | 1014.8 |
         Abyss |    115 |    115 |      0 |      0 |     77 |   2 |   57.5 |
               +--------+--------+--------+--------+--------+-----+--------+

Top non-repeatable levels by time:
     D:3: 1318 daAuts
     D:1: 1220 daAuts
     D:2: 1166 daAuts
     D:4: 354 daAuts
 Abyss:1: 86 daAuts
 Abyss:2: 29 daAuts
